 Dungeon Crawl Stone Soup version 0.27.0-1-g7a089689b8 (webtiles) character file.

Game seed: 12013806753560745571

95 trckry the Grasshopper (level 4, -2/44 HPs)
             Began as an Ogre Warper on Aug 12, 2021.
             Slain by a hound skeleton (3 damage)
             ... on level 3 of the Dungeon.
             The game lasted 00:08:06 (4265 turns).

trckry the Grasshopper (Ogre Warper)                Turns: 4265, Time: 00:08:07

Health: -2/44      AC:  3    Str: 15    XL:     4   Next: 65%
Magic:  7/7        EV:  9    Int: 15    God:
Gold:   101        SH:  0    Dex:  8    Spells: 2/7 levels left

rFire    . . .     SeeInvis .   a - +0 mace
rCold    . . .     Faith    .   (no shield)
rNeg     . . .     Spirit   .   b - +0 robe
rPois    .         Reflect  .   (helmet restricted)
rElec    .         Harm     .   (no cloak)
rCorr    .         Rampage  .   (gloves unavailable)
Will     .....                  (boots unavailable)
Stlth    +.........             (no amulet)
HPRegen  0.14/turn              (no ring)
MPRegen  0.10/turn              (no ring)

@: no status effects
A: large, unfitting armour, tough skin 1
a: no special abilities


You were on level 3 of the Dungeon.
You visited 1 branch of the dungeon, and saw 3 of its levels.

You collected 101 gold pieces.

Inventory:

Hand Weapons
 a - a +0 mace (weapon)
Missiles
 d - a boomerang of dispersal (quivered)
Armour
 b - a +0 robe (worn)
Scrolls
 c - a scroll of blinking
 h - a scroll of identify {unknown}
 i - a scroll of magic mapping {unknown}
Potions
 e - a potion of mutation {unknown}
 f - 2 potions of flight {unknown}
 g - a potion of lignification {unknown}


   Skills:
 - Level 2.6 Fighting
 * Level 3.2 Maces & Flails
 - Level 1.0 Throwing
 - Level 2.1 Dodging
 - Level 2.4 Spellcasting
 * Level 3.8 Translocations


You had 2 spell levels left.
You knew the following spells:

 Your Spells              Type           Power      Damage    Failure   Level
a - Blink                 Tloc           N/A        N/A       7%          2
b - Teleport Other        Tloc           13%        N/A       13%         3

Your spell library contained the following spells:

 Spells                   Type           Power      Damage    Failure   Level
 Beastly Appendage        Tmut           2%         N/A       22%         1
 Wereblood                Tmut           1%         N/A       32%         2
 Gell's Gravitas          Tloc           6%         N/A       13%         3
 Lesser Beckoning         Tloc           6%         N/A       13%         3
 Conjure Flame            Conj/Fire      1%         6-21      54%         3
 Ignite Poison            Fire/Tmut/Pois 1%         N/A       54%         3
 Spider Form              Tmut/Pois      0%         N/A       54%         3
 Manifold Assault         Tloc           13%        N/A       77%         5
 Sticky Flame             Conj/Fire      1%         2d3       91%         4


Dungeon Overview and Level Annotations

Branches:
Dungeon (3/15)

Altars:

Annotations:
D:2 Terence


Innate Abilities, Weirdness & Mutations

You are too large for most types of armour.
You have tough skin. (AC +1)


Message History

The boomerang of dispersal closely misses the adder.
The boomerang of dispersal completely misses the kobold.
You feel sick. The adder barely misses you.
You take 2 damage, and have 9/44 hp.
Throw: 4 boomerangs (disperse)
Press: ? - help, Q - select action, (/) - cycle Shift-Dir - straight line, f/p - adder
Aim: an adder (moderately wounded, 32% to hit)
You throw a boomerang of dispersal.
The boomerang of dispersal misses the adder.
The boomerang of dispersal hits the kobold.
The kobold blinks!
You feel sick. The adder barely misses you. The adder bites you.
* * * LOW HITPOINT WARNING * * *
You take 5 damage, and have 4/44 hp.
Throw: 3 boomerangs (disperse)
Press: ? - help, Q - select action, (/) - cycle Shift-Dir - straight line, f/p - adder
Aim: an adder (moderately wounded, 32% to hit)
You throw a boomerang of dispersal.
The boomerang of dispersal hits the adder.
The adder blinks!
* * * LOW HITPOINT WARNING * * *
You feel sick.
The hound skeleton bites you but does no damage.
You take 1 damage, and have 3/44 hp.
Throw: 2 boomerangs (disperse)
Press: ? - help, Q - select action, (/) - cycle Shift-Dir - straight line, f - hound skeleton
Aim: a hound skeleton (71% to hit)
You throw a boomerang of dispersal.
The boomerang of dispersal barely misses the hound skeleton.
* * * LOW HITPOINT WARNING * * *
You feel sick.
The hound skeleton bites you but does no damage. x2
You take 1 damage, and have 2/44 hp.
You hit the hound skeleton.
The hound skeleton is moderately damaged.
* * * LOW HITPOINT WARNING * * *
You feel sick.
You are no longer poisoned.
The hound skeleton bites you.
You die...

#..##..####.......
####.##.............
#<....#...####.....#
#..........# ..#.#
.......##..#####....#
.......#..........#
.................## #
.......#.......$####...#
.......#........@Z......
...............###S.....
...#.#.......# .K...
##...######### .... ..
.>. .. .


You could see an adder, a kobold and a hound skeleton.

Vanquished Creatures
  2 adders
  2 gnolls
  A worm (D:2)
  5 dart slugs
  4 ball pythons
  2 bats
  3 endoplasms
  3 giant cockroaches
  6 goblins
  4 hobgoblins (D:1)
  2 jackals (D:3)
  3 kobolds
  A quokka (D:1)
  4 frilled lizards
  3 rats
45 creatures vanquished.

Notes
Turn   | Place    | Note
-------+----------+-------------------------------------------
     0 | D:1      | trckry the Ogre Warper began the quest for the Orb.
     0 | D:1      | Reached XP level 1. HP: 22/22 MP: 3/3
     1 | D:1      | Noticed a shadow dragon
     3 | D:1      | Noticed a green draconian
     6 | D:1      | Noticed an iron dragon
    11 | D:1      | Noticed an ice dragon
    11 | D:1      | Noticed a black draconian
    13 | D:1      | Noticed a tentacled monstrosity
    13 | D:1      | Noticed an orb of fire
    15 | D:1      | Noticed an ice dragon
    15 | D:1      | Noticed a white draconian
    15 | D:1      | Noticed a black draconian
    17 | D:1      | Noticed an ice dragon
    17 | D:1      | Noticed an iron dragon
    17 | D:1      | Noticed a large abomination
    19 | D:1      | Noticed a yellow draconian
    19 | D:1      | Noticed a green draconian
    21 | D:1      | Noticed a shadow dragon
   208 | D:1      | Reached XP level 2. HP: 28/29 MP: 5/5
   211 | D:1      | Learned a level 2 spell: Blink
   807 | D:1      | Reached XP level 3. HP: 36/36 MP: 6/6
   811 | D:1      | Learned a level 3 spell: Teleport Other
  1572 | D:2      | Noticed Terence
  2247 | D:2      | HP: 3/36 [gnoll (10)]
  2267 | D:2      | HP: 5/36 [gnoll (1)]
  2549 | D:2      | HP: 5/36 [gnoll (9)]
  3068 | D:2      | Reached XP level 4. HP: 39/44 MP: 7/7
  3396 | D:2      | HP: 6/44 [gnoll (10)]
  3463 | D:1      | HP: 6/44 [gnoll (6)]
  3779 | D:3      | HP: 6/44 [poisoned by an adder]
  4262 | D:3      | HP: 4/44 [adder (3)]
  4265 | D:3      | HP: 1/44 [poisoned by an adder]
  4265 | D:3      | Slain by a hound skeleton

Illustrated notes

Levels and vault maps discovered:
D:1:      shiori_arrival_whats_in_store_for_you, layout_basic, minmay_quantized
D:2:      layout_loops_ring, uniq_terence, uniq_natasha
D:3:      layout_rooms, shapermc_ecumenical_altar_ellora

Skill      XL: |  1  2  3  4 |
---------------+-------------+-----
Maces & Flails | 2 3 |  3.2
Translocations | 3 |  3.8
Fighting       | |  2.6
Throwing       | |  1.0
Dodging        | |  2.1
Spellcasting   | |  2.4

Action                   |  1- 3 |  4- 6 || total
-------------------------+-------+-------++-------
Melee: Mace              |   134 |    67 ||   201
Throw: Boomerang         |       |     4 ||     4
 Cast: Blink             |    10 |     2 ||    12
Armor: Robe              |    48 |    22 ||    70
Dodge: Dodged            |    75 |    41 ||   116
